 Dungeon Crawl Stone Soup version 0.14-a0-2939-ge0b1554 (webtiles) character file.

1258 Kae the Martial Artist (level 7, -1/52 HPs)
             Began as a White Draconian Transmuter on Mar 3, 2014.
             Killed by nerve-wracking pain
             ... invoked by Menkaure
              (8 damage)
             ... on Level 5 of the Dungeon.
             The game lasted 00:08:29 (6929 turns).

Kae the Martial Artist (White Draconian Transmuter) Turns: 6929, Time: 00:08:29

HP  -1/52        AC  2     Str 13      XL: 7   Next: 99%
MP   9/12        EV 19     Int 13      God:
Gold 261         SH  0     Dex 18      Spells:  3 memorised,  4 levels left

rFire  . . .     SeeInvis .       - Unarmed
rCold  . . .     Clarity  .     (armour unavailable)
rNeg   . . .     Conserve .     (shield currently unavailable)
rPois  x         rCorr    +     (helmet currently unavailable)
rElec  .         rRot     .     (cloak currently unavailable)
SustAb . .       Spirit   .     (gloves currently unavailable)
rMut   .         Warding  .     h - melded +0 pair of boots (curse)
Saprov . . .     Stasis   .     e - amulet of resist corrosion
MR     .....                    (no ring)
                                (no ring)

@: spider-form, quick, not resistant to hostile enchantments, unstealthy
A: (breathe frost), unfitting armour, (cold resistance 0), AC +6
a: End Transformation


You were on level 5 of the Dungeon.
You were hungry.
You were in spider-form.
You visited 2 branches of the dungeon, and saw 6 of its levels.

You collected 261 gold pieces.

Inventory:

Missiles
 b - 24 arrows
 u - 11 tomahawks (quivered)
 D - 19 arrows of frost
Armour
 h - a cursed +0 pair of boots (melded)
Magical devices
 n - a wand of magic darts (13)
 w - a wand of polymorph (14)
 C - a wand of frost (17) {unknown}
Comestibles
 a - 6 bread rations
 g - 2 meat rations
Scrolls
 c - a scroll of fear {unknown}
 f - 2 scrolls of enchant weapon I {unknown}
 k - 2 scrolls of enchant weapon II {unknown}
 m - 3 scrolls of teleportation {unknown}
 o - a scroll of immolation {unknown}
 q - 4 scrolls of remove curse {unknown}
 r - a scroll of recharging {unknown}
 A - 2 scrolls of enchant armour {unknown}
 B - 3 scrolls of identify
Jewellery
 e - an amulet of resist corrosion (around neck)
 x - the ring of Shaolin {EV+8}
   (You found it on level 4 of the Dungeon)

   [ring of evasion]

   It affects your evasion (+8).
 y - an uncursed amulet of warding {unknown}
Potions
 i - 2 potions of restore abilities
 l - a potion of heal wounds {unknown}
 p - a potion of speed {unknown}
 s - a potion of might {unknown}
 t - a potion of brilliance {unknown}
 v - a potion of porridge
 z - a potion of berserk rage {unknown}
Books
 d - a book of Changes

   Spells                             Type                      Level
   *Beastly Appendage                 Transmutation                1
   *Sticks to Snakes                  Transmutation                2
   *Spider Form                       Transmutation/Poison         3
   Ice Form                           Ice/Transmutation            4
   Blade Hands                        Transmutation                5


   Skills:
 - Level 1.1 Fighting
 - Level 1.7 Dodging
 * Level 8.3 Unarmed Combat
 - Level 2.0 Spellcasting
 + Level 5.3 Transmutations


You had 4 spell levels left.
You knew the following spells:

 Your Spells              Type           Power        Failure   Level  Hunger
a - Beastly Appendage     Trmt           ###...       12%         1    ##.....
b - Sticks to Snakes      Trmt           ###.......   17%         2    ###....
c - Spider Form           Trmt/Pois      #.........   50%         3    ####...


Dungeon Overview and Level Annotations

Branches:
Dungeon (5/16)             Temple (1/1) D:4

Altars:
Cheibriados
Dithmenos
Elyvilon
Fedhas
Kikubaaqudgha
Makhleb
Nemelex Xobeh
Okawaru
Trog
Vehumet
Xom
Yredelemnul
Zin
The Shining One

Annotations:
D:2 Sigmund
D:5 Menkaure


Innate Abilities, Weirdness & Mutations

((You can breathe waves of freezing cold.))*
((You can buffet flying creatures when you breathe cold.))*
((Your icy white scales are hard (AC +6).))*
Your body does not fit into most forms of armour.
Your cold-blooded metabolism reacts poorly to cold.
((Your flesh is cold resistant.))*


Message History

Menkaure seems to speed up.
Things that are here:
a glowing dagger; a goblin corpse
Casting: Beastly Appendage
Confirm with . or Enter, or press ? or * to list all spells.
You turn into a venomous arachnid creature.
Your cursed +0 pair of boots melds into your body.
You are feeling hungry.
Menkaure breathes soot at you.
Menkaure calls on the powers of darkness!
Your body is wracked with pain!
Menkaure calls on the powers of darkness!
Your body is wracked with pain!
* * * LOW HITPOINT WARNING * * *
Menkaure gestures at you while chanting.
Pain shoots through your body!
* * * LOW HITPOINT WARNING * * *
Menkaure gestures at you while chanting.
Pain shoots through your body!
You die...

....#####.# #..# #.....).........
........#.# #.<# #........#....#.
....#.....#.#.%######.#...##...#.
....+............................
....#.....#.###.###.#.#....##..#.
.......##........##.#.#....... #.
#.###..##.#.##........#.......##.
#..##........##.#.#....... #.
#####..##.#.####s...#.#...... #.
.......##.#.# #.####.#..... #.
.......# . #.# #.#.... #.
.......# #.####.#...#'####.
......(# #.#........#......
.......# # #M#.#####..######.
#####.)##.#.####.#.#.............
...........>..)..................
....#..#.........#....##.......#.


You could see Menkaure.

Vanquished Creatures
  Eustachio (D:5)
  Edmund (D:5)
  2 sky beasts (D:5)
  Duvessa (D:5)
  Dowan (D:5)
  A jelly (D:5)
  2 hounds (D:4)
  An orc wizard (D:3)
  A worker ant (D:5)
  An iguana (D:4)
  Ijyb (D:2)
  A boggart (D:4)
  Terence (D:3)
  11 adders
  3 gnolls (D:5)
  2 worms
  2 giant geckos
  3 oozes
  7 orcs
  3 ball pythons
  10 bats
  A bat skeleton (D:4)
  2 giant cockroaches
  8 hobgoblins
  2 quokkas
  8 giant newts
  12 goblins
  12 kobolds
  2 orc skeletons (D:4)
  9 rats
112 creatures vanquished.

Notes
Turn   | Place    | Note
--------------------------------------------------------------
     0 | D:1      | Kae, the Draconian Transmuter, began the quest for the Orb.
     0 | D:1      | Reached XP level 1. HP: 16/16 MP: 3/3
   216 | D:1      | Reached XP level 2. HP: 12/23 MP: 4/4
   851 | D:2      | Reached skill level 4 in Unarmed Combat
   851 | D:2      | Reached XP level 3. HP: 21/28 MP: 4/6
  1144 | D:2      | Found a basalt altar of Yredelemnul.
  1492 | D:2      | Reached XP level 4. HP: 30/35 MP: 5/7
  2095 | D:2      | Noticed Ijyb
  2111 | D:2      | Killed Ijyb
  2163 | D:2      | Noticed Sigmund
  2327 | D:2      | Reached skill level 5 in Unarmed Combat
  2601 | D:3      | Learned a level 2 spell: Sticks to Snakes
  2605 | D:3      | Learned a level 3 spell: Spider Form
  2663 | D:3      | Reached XP level 5. HP: 22/40 MP: 9/9
  2914 | D:3      | Noticed Terence
  2934 | D:3      | Killed Terence
  3363 | D:3      | Found an iron altar of Okawaru.
  3820 | D:4      | Found a staircase to the Ecumenical Temple.
  3900 | Temple   | Entered the Ecumenical Temple
  3941 | D:4      | Reached skill level 6 in Unarmed Combat
  3941 | D:4      | Reached XP level 6. HP: 47/47 MP: 7/10
  4739 | D:5      | Entered Level 5 of the Dungeon
  5470 | D:5      | Noticed Edmund
  5481 | D:5      | Killed Edmund
  5481 | D:5      | Reached skill level 7 in Unarmed Combat
  5481 | D:5      | Your scales start taking on an icy white colour.
  5481 | D:5      | Gained mutation: Your flesh is cold resistant. [draconian maturity]
  5481 | D:5      | Reached XP level 7. HP: 33/52 MP: 9/12
  5628 | D:5      | Noticed Duvessa
  5629 | D:5      | Noticed Dowan
  5778 | D:5      | Killed Duvessa
  5816 | D:5      | Killed Dowan
  6136 | D:5      | Noticed Menkaure
  6612 | D:5      | Reached skill level 5 in Transmutations
  6637 | D:5      | Reached skill level 8 in Unarmed Combat
  6767 | D:5      | Noticed Eustachio
  6787 | D:5      | Killed Eustachio
  6929 | D:5      | Killed from afar by Menkaure

Action                   |  1- 3 |  4- 6 |  7- 9 || total
-------------------------+-------+-------+-------++-------
Melee: Unarmed           |   132 |   236 |    95 ||   463
 Cast: Beastly Appendage |     7 |     8 |     5 ||    20
       Spider Form       |       |     2 |     4 ||     6
 Abil: Breathe Frost     |       |       |     1 ||     1
Evoke: Wand              |       |     2 |       ||     2
  Use: Scroll            |     3 |       |       ||     3
       Potion            |     1 |       |     1 ||     2
 Stab: Sleeping          |       |     2 |       ||     2
